 Dungeon Crawl Stone Soup version 0.32-a0-35-gd9ff480968 (webtiles) character file.

Game seed: 9027161747765568556

982010 Khashishi the Petrodigitator (level 27, -17/220 HPs)
             Began as a Formicid Earth Elementalist on Jan 19, 2024.
             Was the Champion of the Shining One.
             Demolished by a caustic shrike (23 damage)
             ... on level 6 of the Iron City of Dis on Jan 22, 2024.
             The game lasted 17:12:05 (87520 turns).

Khashishi the Petrodigitator (FoEE)                Turns: 87520, Time: 17:12:05

Health: -17/220    AC: 35    Str: 17    XL:     27
Magic:  19/54      EV:  9    Int: 39    God:    the Shining One [******]
Gold:   7758       SH: 17    Dex: 12    Spells: 4/80 levels left

rFire   + + .        b - staff of earth
rCold   + + +        j - orb {*channel}
rNeg    + + +        W - +9 scales of the Dragon King {rPois rF+ rC+ Will+}
rPois   +            (helmet unavailable)
rElec   +            g - +1 cloak of Netyho {rElec}
rCorr   +            Z - +2 pair of gloves {Str+3}
SInv    +            d - +2 pair of boots {Stlth+}
Will    +++++        x - amulet of Qyacw {RegenMP rC++ Int+3 Dex-2 Slay+2} Stlth
                     I - ring "Xood" {Wiz Will+ Int+8 Slay+3}
HPRegen 0.56/turn    V - ring of Spontaneous Combustion {Will+ rCorr SInv}
MPRegen 0.74/turn

%: wizardry (x1), channel magic (20%)
@: divinely shielded, corroded, slightly contaminated, glowing, studying 3
skills
A: permanent stasis, dig shafts and tunnels, antennae 3, four strong arms, fire
resistance 1, strong-willed 1, mutation resistance 1
}: 10/15 runes: decaying, slimy, silver, abyssal, demonic, glowing, magical,
fiery, dark, gossamer
a: Dig, Shaft Self, Renounce Religion, Divine Shield, Cleansing Flame, Summon
Divine Warrior, Brand Weapon With Holy Wrath


You were on level 6 of the Iron City of Dis.
You worshipped the Shining One.
The Shining One was exalted by your worship.
You visited 14 branches of the dungeon, and saw 63 of its levels.
You visited Pandemonium 2 times, and saw 20 of its levels.
You visited the Abyss 2 times.
You visited 1 bazaar.
You also visited: Ossuary, Bailey, Gauntlet, Ice Cave and Volcano.

You collected 12794 gold pieces.
You spent 5036 gold pieces at shops.

Inventory:

Hand Weapons
 a - the +9 staff of Olgreb {rPois∞}
   (You found it on level 3 of the Elven Halls)

   Radiate:   It can be activated via the 'a'bility menu to radiate toxic
   energy, with effectiveness depending on Evocations skill.
   Alch:      It enhances your alchemy magic.
   rPois∞: It grants immunity to poison.
 c - the +5 quarterstaff of Perversion {spect, *Corrode rN+ Will+++}
   (You bought it in a shop on level 1 of the Vaults)

   rN+:       It protects you from negative energy.
   Will+++:   It greatly increases your willpower.
   *Corrode:  It may corrode you when you take damage.
 z - a +9 lajatang of speed
Missiles
 p - 3 throwing nets
Armour
 d - a +2 pair of boots of stealth (worn)
 g - the +1 cloak of Netyho (worn) {rElec}
   (You acquired it on level 15 of the Dungeon)

   rElec:     It insulates you from electricity.
 j - an orb of energy (worn)
 W - the +9 scales of the Dragon King (worn) {rPois rF+ rC+ Will+}
   (You found it on level 4 of the Vaults)

   rF+:       It protects you from fire.
   rC+:       It protects you from cold.
   rPois:     It protects you from poison Will+: It increases your willpower.
 Z - a +2 pair of gloves of strength (worn)
Magical Staves
 b - a staff of earth (weapon)
Jewellery
 r - the ring "Henonaha" {rElec rC+ rN++ Will+ Dex-2}
   (You bought it in a shop on level 2 of the Depths)

   [ring of willpower]

   Dex-2:     It affects your dexterity (-2).
   rC+:       It protects you from cold.
   rElec:     It insulates you from electricity.
   rN++:      It greatly protects you from negative energy.
   Will+:     It increases your willpower.
 x - the amulet of Qyacw (around neck) {RegenMP rC++ Int+3 Dex-2 Slay+2}
   (You found it in a Gauntlet)

   [amulet of magic regeneration]

   RegenMP:   It increases your rate of magic regeneration.
   Int+3:     It affects your intelligence (+3).
   Dex-2:     It affects your dexterity (-2).
   Slay+2:    It affects your accuracy & damage with ranged weapons and melee
   (+2).
   rC++:      It greatly protects you from cold.
 I - the ring "Xood" (left hand) {Wiz Will+ Int+8 Slay+3}
   (You found it in Pandemonium)

   [ring of wizardry]

   Wiz:       It improves your spell success rate.
   Int+8:     It affects your intelligence (+8).
   Slay+3:    It affects your accuracy & damage with ranged weapons and melee
   (+3).
   Will+:     It increases your willpower.
 O - the ring "Xoax" {rPois rC+ rCorr}
   (You found it on level 3 of the Crypt)

   [ring of protection from cold]

   rC+:       It protects you from cold.
   rPois:     It protects you from poison rCorr: It protects you from acid and
   corrosion.
 U - a ring of flight
 V - the ring of Spontaneous Combustion (right hand) {Will+ rCorr SInv}
   (You acquired it on level 2 of the Vaults)

   [ring of willpower]

   Will+:     It increases your willpower.
   SInv:      It lets you see invisible.
   rCorr:     It protects you from acid and corrosion.
 Y - a ring of protection from fire
Wands
 o - a wand of quicksilver (61)
 G - a wand of roots (66)
 K - a wand of digging (31)
Scrolls
 f - a scroll of summoning
 l - 5 scrolls of fear
 y - 11 scrolls of vulnerability
 B - 6 scrolls of poison
 C - 6 scrolls of immolation
 F - 12 scrolls of fog
 L - 3 scrolls of noise
 N - 2 scrolls of revelation
 R - 5 scrolls of silence
Potions
 e - 8 potions of cancellation
 h - 13 potions of ambrosia
 k - 27 potions of curing
 m - 2 potions of attraction
 n - 2 potions of heal wounds
 q - 3 potions of might
 v - 6 potions of brilliance
 A - a potion of enlightenment
 D - a potion of magic
 E - 12 potions of mutation
 J - 2 potions of lignification
Miscellaneous
 i - a phantom mirror
 s - a phial of floods
 H - a tin of tremorstones (1/2)
 P - a lightning rod (4/4)


   Skills:
 + Level 18.8 Fighting
 - Level 14.0 Staves
 O Level 27 Armour
 + Level 13.8 Dodging
 - Level 6.0 Stealth
 O Level 27 Spellcasting
 + Level 18.5 Conjurations
 O Level 27 Earth Magic
 - Level 23.0 Alchemy
 O Level 27 Invocations
 - Level 4.0 Evocations


You had 4 spell levels left.
You knew the following spells:

 Your Spells              Type           Power      Damage    Failure   Level
a - Alistair's Intoxicat  Alch           82%        N/A       1%          5
b - Stone Arrow           Conj/Erth      100%       3d13      1%          3
c - Brom's Barrelling Bo  Conj/Erth      100%       2d11      1%          4
d - Passwall              Erth           100%       N/A       1%          3
e - Lee's Rapid Deconstr  Erth           78%        3d35*     1%          5
f - Bombard               Conj/Erth      74%        9d12      1%          6
g - Leda's Liquefaction   Alch/Erth      76%        N/A       1%          4
h - Animate Armour        Summ/Erth      100%       N/A       1%          4
i - Ignite Poison         Fire/Alch      97%        N/A       1%          4
l - Lehudib's Crystal Sp  Conj/Erth      74%        10d17     4%          8
q - Irradiate             Conj/Alch      60%        3d31      1%          5
r - Olgreb's Toxic Radia  Alch           100%       N/A       1%          4
A - Petrify               Alch/Erth      100%       N/A       1%          4
B - Eringya's Noxious Bo  Alch           62%        4d6       1%          6
F - Fulminant Prism       Conj/Alch      60%        3d26      1%          4
Z - Orb of Destruction    Conj           57%        9d14      3%          7

Your spell library contained the following spells:

 Spells                   Type           Power      Damage    Failure   Level
 Kiss of Death            Conj/Necr      100%       2d13      1%          1
 Magic Dart               Conj           100%       1d8       1%          1
 Sandblast                Erth           100%       2d20      1%          1
 Shock                    Conj/Air       100%       1d9       1%          1
 Sting                    Conj/Alch      100%       1d9       1%          1
 Cigotuvi's Dreadful Rot  Necr/Alch/Air  100%       N/A       1%          2
 Mercury Vapours          Alch/Air       100%       N/A       1%          2
 Static Discharge         Conj/Air       100%       3-8/arc   1%          2
 Dazzling Flash           Conj/Hex       100%       N/A       1%          3
 Mephitic Cloud           Conj/Alch/Air  100%       N/A       1%          3
 Sticky Flame             Fire/Alch      97%        2d14      1%          4
 Flame Wave               Conj/Fire      90%        2d19      2%          4
 Iskenderun's Mystic Bla  Conj/Tloc      90%        2d18      2%          4
 Necrotise                Necr           100%       1d9       6%          1
 Slow                     Hex            100%       N/A       6%          1
 Summon Small Mammal      Summ           100%       N/A       6%          1
 Call Imp                 Summ           100%       N/A       9%          2
 Ensorcelled Hibernation  Hex/Ice        100%       N/A       9%          2
 Lesser Beckoning         Tloc           100%       N/A       9%          2
 Scorch                   Fire           100%       2d9       9%          2
 Sublimation of Blood     Necr           51%        N/A       9%          2
 Call Canine Familiar     Summ           51%        N/A       14%         3
 Confusing Touch          Hex            51%        N/A       14%         3
 Frozen Ramparts          Ice            100%       1d16      14%         3
 Fugue of the Fallen      Necr           51%        N/A       14%         3
 Gell's Gravitas          Tloc           51%        N/A       14%         3
 Inner Flame              Hex/Fire       51%        N/A       14%         3
 Ozocubu's Armour         Ice            51%        N/A       14%         3
 Sigil of Binding         Hex            51%        N/A       14%         3
 Summon Ice Beast         Ice/Summ       51%        N/A       14%         3
 Teleport Other           Tloc           51%        N/A       14%         3
 Tukima's Dance           Hex            51%        N/A       14%         3
 Vampiric Draining        Necr           51%        2d9       14%         3
 Volatile Blastmotes      Fire/Tloc      100%       2d18      14%         3
 Airstrike                Air            25%        2d(4-20)  34%         4
 Anguish                  Hex/Necr       25%        N/A       34%         4
 Cause Fear               Hex            25%        N/A       34%         4
 Dimensional Bullseye     Hex/Tloc       25%        N/A       34%         4
 Dispel Undead            Necr           51%        3d19      34%         4
 Manifold Assault         Tloc           51%        N/A       34%         4
 Martyr's Knell           Necr/Summ      51%        N/A       34%         4
 Passage of Golubria      Tloc           51%        N/A       34%         4
 Summon Blazeheart Golem  Fire/Summ      51%        N/A       34%         4
 Summon Lightning Spire   Summ/Air       51%        N/A       34%         4
 Yara's Violent Unravell  Hex/Alch       48%        3d19      2%          5
 Arcjolt                  Conj/Air       45%        1d55      4%          5
 Fireball                 Conj/Fire      45%        3d18      4%          5
 Freezing Cloud           Conj/Ice/Air   39%        6-21      11%         5
 Conjure Ball Lightning   Conj/Air       45%        3x3d16    16%         6
 Curse of Agony           Necr           51%        N/A       63%         5
 Metabolic Englaciation   Hex/Ice        25%        N/A       63%         5
 Silence                  Hex/Air        25%        N/A       63%         5
 Summon Forest            Summ/Tloc      25%        N/A       63%         5
 Dispersal                Tloc           25%        N/A       98%         6
 Plasma Beam              Fire/Air       25%        2x1d38    98%         6
 Summon Cactus Giant      Summ           25%        N/A       98%         6
 Enfeeble                 Hex            25%        N/A       100%        7
 Ozocubu's Refrigeration  Ice            25%        4d13      100%        7
 Summon Hydra             Summ           25%        N/A       100%        7
 Discord                  Hex            25%        N/A       100%        8
 Disjunction              Tloc           25%        N/A       100%        8
 Ignition                 Fire           25%        3d9       100%        8
 Maxwell's Capacitive Co  Air            25%        ∞         100%        8
 Summon Horrible Things   Summ           25%        N/A       100%        8
 Dragon's Call            Summ           25%        N/A       100%        9
 Swiftness                Air            Unusable   N/A       N/A         3
 Vhi's Electric Charge    Tloc/Air       Unusable   N/A       N/A         4

Dungeon Overview and Level Annotations

Branches:
Dungeon (15/15)            Temple (1/1) D:4            Lair (5/5) D:11
  Swamp (4/4) Lair:2       Spider (4/4) Lair:3        Slime (5/5) Lair:4
    Orc (2/2) D:9             Elf (3/3) Orc:2        Vaults (5/5) D:14
  Crypt (3/3) Vaults:3       Tomb (0/3) Crypt:3      Depths (4/4) D:15
   Hell (visited)             Dis (6/7) Hell            Geh (0/7) Hell
    Coc (0/7) Hell            Tar (0/7) Hell            Zot (5/5) Depths:4
Ossuary (visited)          Bailey (visited)           IceCv (visited)
Volcano (visited)         Gauntlet (visited)

Altars:
Ashenzari
Cheibriados
Dithmenos
Elyvilon
Fedhas
Gozag
Hepliaklqana
Kikubaaqudgha
Makhleb
Nemelex Xobeh
Okawaru
Qazlal
Ru
Sif Muna
Trog
Uskayaw
Vehumet
Wu Jian
Xom
Yredelemnul
Zin
The Shining One
Jiyva

Shops:
D:2 :   D:3 [?=?   D:5 (   D:7 *   D:11 :   D:15 *   Orc:2 ?*(=   Elf:3 *
Vaults:1 (!([   Vaults:2 =   Vaults:5 :   Depths:2 =:=

Portals:
Hell: Depths:1 Depths:2 Depths:3 Depths:4
Abyss: Depths:1 Depths:3
Pandemonium: Orc:2 Depths:2 Depths:4
Ziggurat: Depths:3


Innate Abilities, Weirdness & Mutations

You cannot be hasted, slowed, berserked, paralysed or teleported.
You can dig through walls and to a lower floor.
You have a pair of large antennae on your head. (SInv)
Your four strong arms can wield two-handed weapons with a shield.
Your flesh is heat resistant. (rF+)
You are strong-willed. (Will+)
You are somewhat resistant to further mutation.


Message History

* * * LOW HITPOINT WARNING * * *
The caustic shrike claws you but does no damage.
Your daeva calls down the wrath of the Shining One upon the iron dragon.
The iron dragon is smitten.
The golden dragon breathes cold at you. The bolt of cold hits you. You resist.
* * * LOW HITPOINT WARNING * * *
You hear a screech!
You feel much better. The caustic shrike claws you!
* * * LOW HITPOINT WARNING * * *
The acid corrodes you!
You are splashed with acid.
You resist.
* * * LOW HITPOINT WARNING * * *
The iron dragon breathes metal splinters at your daeva.
The spray of metal splinters hits your daeva.
The iron dragon bites you!
* * * LOW HITPOINT WARNING * * *
The iron dragon claws you but does no damage.
The iron dragon tramples you but does no damage.
The golden dragon closely misses you.
The golden dragon claws you but does no damage.
The golden dragon tramples you but does no damage.
Your daeva calls down the wrath of the Shining One upon the iron dragon.
The iron dragon is smitten.
The caustic shrike claws you.
* * * LOW HITPOINT WARNING * * *
You are splashed with acid.
You resist.
* * * LOW HITPOINT WARNING * * *
As you read the scroll of summoning, it crumbles to dust.
Wisps of shadow whirl around you... The caustic shrike barely misses you.
The iron dragon bites your caustic shrike!
The iron dragon barely misses your caustic shrike.
The iron dragon tramples your caustic shrike.
Your caustic shrike holds its ground!
The iron dragon breathes metal splinters at you.
The spray of metal splinters hits you but does no damage.
The golden dragon bites you!
* * * LOW HITPOINT WARNING * * *
The golden dragon closely misses you.
The golden dragon tramples you but does no damage.
The caustic shrike claws you!!
You die...

#####. .#####
...#.##......
##........b.#
.#....8.b....#.
.......b..8....
..8.b.bCb......
....9.E†.A.....
......D@b9...8.
...9..bDD......
.8.....∩.......
...............
.............8.
...............
#.8......^....#
^.........8...#
##...^8......##


You could see an iron golem, 2 iron dragons, a golden dragon (ally target), a
caustic shrike, 2 friendly iron golems, a friendly iron giant (summoned), a
friendly daeva (summoned), 7 friendly caustic shrikes and a friendly quicksilver
elemental (summoned).

Vanquished Creatures
  the Royal Jelly (Slime:5)
  Mnoleg (Pan)
  A seraph (Pan)
  Lom Lobon (Pan)
  Frederick (Crypt:3)
  An ancient lich (Vaults:5)
  A juggernaut (Dis:5)
  Josephina (Crypt:3)
  Bai Suzhen (Depths:2)
  Boris (Depths:4)
  2 Killer Klowns
  Margery (Vaults:4)
  3 curse toes
  5 caustic shrikes (Dis:3)
  The ghost of Ruxt the Slayer, an adept MiFi of Qazlal (Vaults:1)
  Geryon (Hell)
  7 pandemonium lords (Pan)
  9 golden dragons
  the Enchantress (Depths:4)
  2 pearl dragons (Pan)
  Jory (Vaults:5)
  A profane servitor (Crypt:3)
  3 Brimstone Fiends (Pan)
  The ghost of Micliseo the Warrior, an adept GrFi of Cheibriados (Crypt:2)
  A shard shrike zombie (Crypt:2)
  5 iron giants
  A Tzitzimitl (Pan)
  8 Hell Sentinels
  An electric golem (Zot:1)
  16 tentacled monstrosities
  A hellephant (Hell)
  11 titans
  4 deep elf blademasters
  A walking earthen tome (Zot:3)
  2 Ice Fiends (Pan)
  4 liches
  A deep elf master archer (Elf:3)
  The ghost of Khashishi the Lord of Darkness, an adept DsWn of Kikubaaqudgha (Depths:2)
  8 quicksilver dragons
  2 walking frostbound tomes (Zot:3)
  21 acid blobs
  5 sphinxes
  3 walking divine tomes (Depths:3)
  7 ancient champions
  7 death cobs
  6 tengu reavers
  9 Executioners
  2 tentacled starspawn (Abyss:3)
  14 storm dragons
  7 shadow dragons
  22 daevas (Pan)
  6 draconian monks
  5 fire giants
  14 vault wardens
  13 rockslimes
  3 revenants
  21 azure jellies
  2 fenstrider witches (Pan)
  A nagaraja (Pan)
  3 narguns (Zot:3)
  4 demonspawn warmongers (Pan)
  4 draconian knights
  7 draconian shifters
  28 balrugs (Pan)
  2 ghost moths
  10 frost giants
  2 deep elf elementalists (Elf:3)
  13 protean progenitors
  3 draconian scorchers
  8 iron dragons
  5 deep elf sorcerers
  24 angels (Pan)
  A juggernaut zombie (Hell)
  8 draconian stormcallers
  18 reapers
  5 curse skulls
  6 quicksilver elementals
  23 cacodemons
  6 demonspawn corrupters (Pan)
  5 spriggan defenders
  7 draconian annihilators
  3 orc warlords
  12 ironbound thunderhulks
  22 ironbound preservers
  11 ghouls
  7 formless jellyfish
  13 quicksilver oozes
  10 demonspawn blood saints (Pan)
  49 very ugly things
  2 juggernaut skeletons (Pan)
  15 ophanim (Pan)
  10 demonspawn black suns (Pan)
  2 caustic shrike skeletons (Pan)
  32 apis (Pan)
  2 broodmothers (Pan)
  17 stone giants
  14 vampire knights
  8 deep elf demonologists
  10 deep elf death magi
  10 war gargoyles
  15 black draconians
  17 deep elf annihilators
  2 eleionomae
  10 green draconians
  Azrael (Elf:2)
  14 dire elephants
  9 lorocyprocas
  Nessos (D:12)
  9 red draconians
  11 purple draconians
  17 spark wasps
  11 white draconians
  8 bunyips
  20 yellow draconians
  The ghost of Siakut the Bludgeoner, a journeyman MiBe of Trog (D:12)
  8 iron golems
  An acid blob zombie (Crypt:1)
  19 green deaths
  12 ettins
  2 crystal guardians
  The ghost of anacleto the Mimic, a journeyman TrSh of Qazlal (Orc:1)
  14 yaktaur captains
  4 eidola
  17 blizzard demons
  4 fire dragons
  3 shambling mangroves
  7 deep elf high priests
  20 jiangshi
  8 great orbs of eyes
  34 vault guards
  A spectral spriggan (Crypt:3)
  9 entropy weavers
  14 hydras
  Erolcha (Orc:1)
  7 ice dragons
  2 caustic shrike simulacra
  6 rakshasas
  7 hell beasts
  4 peacekeepers
  5 radroaches
  3 catoblepae (Lair:5)
  2 centaur warriors
  6 spriggan air magi
  4 ogre magi
  A demonspawn (Orc:2)
  2 spriggan skeletons
  8 ironbound frosthearts
  3 death knights
  Erica (D:8)
  An anaconda (shapeshifter) (Vaults:5)
  29 dancing weapons
  7 two-headed ogres
  8 alligators
  13 boulder beetles
  A merfolk aquamancer (Pan)
  5 tengu warriors
  4 hell hogs (Hell)
  5 deep troll earth magi
  6 vampire magi
  22 demonic crawlers
  6 death yaks (Lair:5)
  7 deep troll shamans
  The ghost of Splishie the Martial Artist, a novice GnSh of Lugonu (Orc:1)
  8 orc high priests
  A thrashing horror (Abyss:3)
  2 occultists (Volcano)
  3 shock serpents (Pan)
  13 deep elf knights
  10 spriggan berserkers
  2 hell knights
  25 soul eaters
  72 sun demons
  9 crystal echidnas
  2 skysharks
  5 hellephant skeletons (Pan)
  6 pharaoh ants
  4 wretched stars (Abyss:3)
  26 skeletal warriors
  A spatial maelstrom (Abyss:3)
  29 sixfirhies
  9 iron trolls
  4 shadow wraiths
  A salamander mystic (Depths:3)
  3 goliath frogs
  A golden dragon zombie (Depths:2)
  10 glowing orange brains
  15 cherubim (Pan)
  A storm dragon skeleton (Hell)
  10 flayed ghosts
  A sea snake (shapeshifter) (Depths:3)
  4 anaconda zombies (Hell)
  4 spriggan druids
  10 sun moths (Pan)
  2 orange crystal statues
  52 deep trolls
  An orb spider (shapeshifter) (Depths:3)
  10 arcanists
  18 shadow demons
  A spriggan simulacrum (Crypt:3)
  9 bog bodies
  13 swamp dragons
  20 ironbound convokers
  2 orb spiders (Spider:2)
  21 deep elf archers
  27 deep elf zephyrmancers
  A tengu zombie (Hell)
  8 steelbarb worms
  4 frost giant zombies
  9 phantasmal warriors
  An anaconda skeleton (Hell)
  5 harpies (Vaults:1)
  12 orc knights
  7 necromancers
  A lightning spire (Gauntlet)
  5 lindwurms
  A tengu skeleton (Hell)
  2 alligator zombies (Hell)
  16 wolf spiders
  27 deep elf pyromancers
  11 orc sorcerers
  2 fauns (shapeshifter)
  62 ugly things
  A fire giant zombie (Hell)
  4 manticores
  An iron dragon zombie (Abyss:3)
  11 shining eyes
  3 salamanders (Depths:3)
  A stone giant zombie (Crypt:2)
  2 cyclopes
  2 shining eyes (shapeshifter) (Vaults:5)
  2 will-o-the-wisps
  3 kobold blastminers
  27 large abominations
  25 moths of wrath
  14 meliai
  A black mamba (Lair:5)
  2 fire giant skeletons
  25 elephants
  4 rust devils
  5 toenail golems (Volcano)
  2 centaur zombies (Hell)
  4 torpor snails
  19 vault sentinels
  19 orange demons (Pan)
  A spriggan zombie (Hell)
  3 eyes of devastation
  3 ice statues
  10 cane toads
  A gargoyle (D:12)
  A storm dragon simulacrum (Vaults:1)
  60 smoke demons
  An unseen horror (shapeshifter) (D:14)
  2 molten gargoyles (Hell)
  3 rime drakes
  7 hellions
  8 efreet
  3 kobold demonologists
  7 tengu conjurers
  25 yaktaurs
  A spectral glowing shapeshifter (Vaults:1)
  Psyche (D:11)
  2 freezing wraiths
  Jeremiah (D:8)
  A sea snake zombie (Hell)
  6 ice devils
  10 red devils (Pan)
  9 komodo dragons
  18 tormentors
  An iron troll skeleton (Crypt:2)
  An ancient zyme (Abyss:3)
  A hydra zombie (Hell)
  11 tyrant leeches
  3 polar bears
  2 queen bees
  3 trolls
  16 hornets
  A wind drake (shapeshifter) (D:12)
  27 hellwings
  A glass eye (shapeshifter) (Vaults:5)
  An iron dragon simulacrum (Vaults:1)
  24 blink frogs
  25 tarantellas
  5 dream sheep (Lair:5)
  A spectral human (Vaults:1)
  6 glass eyes
  4 raiju
  15 culicivoras
  A frost giant simulacrum (Depths:1)
  137 slime creatures
  22 jumping spiders
  A jumping spider (shapeshifter) (Vaults:4)
  A spriggan (shapeshifter) (Elf:1)
  3 shadows
  22 spriggans
  2 vampires (D:13)
  5 air elementals
  2 stone giant simulacra (Vaults:1)
  25 ynoxinuls (Pan)
  An ettin skeleton (Crypt:2)
  A fire dragon skeleton (Crypt:1)
  9 water elementals
  2 wyverns
  6 humans
  11 wraiths
  A tarantella (shapeshifter) (Depths:3)
  A hog (shapeshifter) (D:15)
  A tyrant leech zombie (Crypt:2)
  5 basilisks
  A fire bat (shapeshifter) (D:13)
  60 yaks
  2 steam dragons
  3 wargs
  An alligator snapping turtle simulacrum (Crypt:3)
  9 fire elementals
  10 golden eyes
  41 redbacks
  A deep troll zombie (Crypt:2)
  5 vampire mosquitoes
  25 neqoxecs
  A small abomination (Crypt:3)
  2 harpy simulacra (Crypt:3)
  Menkaure (D:6)
  2 glowing shapeshifter zombies
  28 chaos spawn (Pan)
  A demonspawn zombie (Crypt:2)
  15 swamp worms
  11 water moccasins
  3 acid dragons
  6 hell hounds
  A water nymph skeleton (Crypt:1)
  7 swamp drakes
  5 black bears
  A glowing shapeshifter skeleton (Crypt:1)
  33 orc warriors
  A black bear (shapeshifter) (Vaults:4)
  10 ogres
  2 ice beasts
  A manticore zombie (Crypt:1)
  A sky beast (D:6)
  43 laughing skulls
  36 wolves
  8 centaurs
  5 boggarts (Vaults:2)
  A phantom (D:4)
  2 kobold brigands
  3 weeping skulls
  A vine stalker zombie (Crypt:2)
  7 bullfrogs
  7 necrophages
  6 earth elementals
  A naga simulacrum (Crypt:3)
  An entropy weaver simulacrum (Vaults:1)
  A water moccasin zombie (Ossuary)
  2 gnoll sergeants (D:9)
  3 scorpions
  4 burial acolytes (Crypt:3)
  8 wights
  2 elephant simulacra (IceCv)
  15 killer bees
  3 electric eels
  4 crimson imps (D:10)
  5 howler monkeys
  3 jellies
  2 hounds
  2 human simulacra (Vaults:1)
  28 orc priests
  A bullfrog skeleton (Crypt:2)
  A gnoll bouda (D:5)
  3 sleepcaps
  Terence (D:2)
  22 orc wizards
  A spectral scorpion (Ossuary)
  2 iguanas (D:6)
  10 hell rats
  A wolf simulacrum (IceCv)
  A boggart skeleton (Crypt:2)
  2 crocodile zombies (Ossuary)
  5 centaur simulacra
  2 mummies (Ossuary)
  11 gnolls
  9 adders
  A shadow imp (D:8)
  17 white imps
  A howler monkey simulacrum (D:9)
  4 ufetubi
  An adder zombie (Ossuary)
  An adder skeleton (Crypt:1)
  3 dart slugs
  2 ribbon worms
  104 orcs
  5 ball pythons
  5 bats
  14 endoplasms
  A giant cockroach (D:4)
  7 gnoll zombies (Ossuary)
  8 goblins
  5 hobgoblins
  9 kobolds
  3 quokkas
  2 frilled lizards (D:1)
  3 jackal zombies
  A kobold zombie (Crypt:1)
  5 orc zombies (Ossuary)
  A quokka zombie (Crypt:2)
  5 rats
  4 aspiring fleshes
  A ball lightning (Pan)
  39 boulders
  4 fire vortices (Pan)
  4 fulminant prisms
3459 creatures vanquished.

Vanquished Creatures (collateral kills)
  Cerebov (Pan)
  Gloorx Vloq (Pan)
  2 pandemonium lords (Pan)
  The ghost of Biggs the Wishgranter, a veteran DjCj of Makhleb (Depths:2)
  The ghost of whatisthis the Hand of Fortune, a veteran GnRe of Nemelex Xobeh (Depths:2)
  A bone dragon (Crypt:3)
  2 iron giants
  2 Brimstone Fiends (Pan)
  An electric golem (Zot:3)
  3 tentacled monstrosities
  2 Hell Sentinels (Pan)
  A searing wretch (Vaults:4)
  4 acid blobs
  9 Executioners (Pan)
  An eldritch tentacle (Pan)
  3 storm dragons (Zot:3)
  3 shadow dragons
  A death cob (Zot:3)
  2 tengu reavers (Vaults:5)
  A draconian monk (Zot:4)
  A fire giant (Dis:5)
  A draconian knight (Zot:4)
  An azure jelly (Slime:3)
  3 demonspawn warmongers (Pan)
  A juggernaut zombie (Hell)
  2 iron dragons
  2 balrugs (Pan)
  2 draconian shifters (Zot:1)
  5 reapers
  2 demonspawn corrupters (Pan)
  5 cacodemons (Pan)
  A broodmother (Pan)
  A very ugly thing (Vaults:5)
  2 quicksilver oozes
  A demonspawn blood saint (Pan)
  An ironbound preserver (Vaults:5)
  A stone giant (Vaults:5)
  2 lorocyprocas
  3 demonspawn black suns (Pan)
  A green draconian (Zot:1)
  A juggernaut skeleton (Pan)
  A minotaur (Gauntlet)
  2 white draconians
  A deep elf annihilator (Elf:3)
  3 black draconians
  A purple draconian (Zot:1)
  2 red draconians
  3 blizzard demons (Pan)
  A green death (Pan)
  A hell beast (Dis:1)
  A spriggan zombie (Hell)
  2 demonic crawlers
  A deep troll shaman (Depths:2)
  A titan zombie (Hell)
  3 hell knights
  16 sun demons
  14 soul eaters
  A shadow demon (Pan)
  2 shadow wraiths (Crypt:3)
  2 sun moths (Pan)
  A shadow dragon zombie (Hell)
  4 deep trolls
  3 large abominations
  A will-o-the-wisp (Abyss:3)
  A fire giant zombie (Hell)
  2 moths of wrath
  An eye of devastation (D:12)
  4 smoke demons (Pan)
  2 orange demons (Pan)
  3 freezing wraiths
  An ice devil (Pan)
  A hellwing (Pan)
  A raiju (Abyss:3)
  3 glass eyes (Pan)
  4 slime creatures
  3 ynoxinuls (Pan)
  2 golden eyes (Pan)
  2 chaos spawn (Pan)
  A hell hound (Hell)
  2 hell rats (Hell)
  93 boulders
  A fire vortex (Pan)
  A starspawn tentacle (Abyss:3)
276 creatures vanquished.

Vanquished Creatures (others)
  An eldritch tentacle (Pan)
  A shadow dragon (Vaults:5)
  A fire giant (Vaults:5)
  A deep elf demonologist (Vaults:5)
  A blizzard demon (Pan)
  A red draconian (Zot:2)
  A yaktaur captain (Vaults:5)
  2 ice dragons
  A deep troll earth mage (Vaults:5)
  A fire crab (shapeshifter) (Vaults:5)
  A sixfirhy (Pan)
  An arcanist (D:4)
  A steelbarb worm (Spider:4)
  An ironbound convoker (Vaults:3)
  A wolf spider (Spider:3)
  A deep elf zephyrmancer (Elf:1)
  A cane toad (D:11)
  A komodo dragon (Lair:2)
  A wyvern (Lair:2)
  A water moccasin (Lair:2)
  An orc warrior (Vaults:5)
  A wolf (Lair:5)
  2 ball lightnings (Pan)
  113 boulders
  10 fire vortices (Pan)
  10 foxfires
  168 fulminant prisms
  A spectral weapon (Lair:2)
  5 starspawn tentacles (Abyss:3)
332 creatures vanquished.

Grand Total: 4067 creatures vanquished

Notes
Turn   | Place    | Note
-------+----------+-------------------------------------------
     0 | D:1      | Khashishi the Formicid Earth Elementalist began the quest
                  | for the Orb.
     0 | D:1      | Reached XP level 1. HP: 13/13 MP: 3/3
    80 | D:1      | Reached skill level 1 in Conjurations
   147 | D:1      | Reached XP level 2. HP: 19/19 MP: 0/5
   758 | D:2      | Found Mylo Yme's Book Shop.
   762 | D:2      | Reached XP level 3. HP: 24/24 MP: 2/7
   896 | D:2      | Learned a level 3 spell: Stone Arrow
   950 | D:2      | Reached XP level 4. HP: 30/30 MP: 5/8
   995 | D:2      | Noticed Terence
  1066 | D:2      | Killed Terence
  1128 | D:2      | Learned a level 4 spell: Brom's Barrelling Boulder
  1294 | D:3      | Found Hami's Magic Scroll Boutique.
  1378 | D:3      | Found Kuwesune's Antique Armour Boutique.
  1382 | D:3      | Found Ruetwim's Magic Scroll Shoppe.
  1394 | D:3      | Found Fekont's Jewellery Emporium.
  1446 | D:3      | Reached XP level 5. HP: 15/35 MP: 4/10
  1621 | D:3      | Bought a pair of twisted boots for 247 gold pieces
  1621 | D:3      | Identified the +2 pair of boots of the Meadowlark {Rampage
                  | Dex-2 Stlth+} (You bought it in a shop on level 3 of the
                  | Dungeon)
  1805 | D:4      | Noticed a phantom
  1814 | D:4      | Killed a phantom
  1815 | D:4      | Reached skill level 5 in Earth Magic
  1815 | D:4      | Reached XP level 6. HP: 41/41 MP: 11/11
  1918 | D:4      | Reached skill level 1 in Armour
  1995 | D:4      | Found a staircase to the Ecumenical Temple.
  2006 | Temple   | Entered the Ecumenical Temple
  2029 | Temple   | Became a worshipper of Elyvilon the Healer
  2160 | D:4      | Found a sparkling altar of Nemelex Xobeh.
  2181 | D:4      | Learned a level 3 spell: Passwall
  2203 | D:4      | Found a bloodstained altar of Trog.
  2206 | D:4      | Noticed a wizard
  2213 | D:4      | Killed a wizard
  2385 | D:4      | Reached * piety under Elyvilon
  2520 | D:5      | Entered Level 5 of the Dungeon
  2527 | D:5      | Reached XP level 7. HP: 47/47 MP: 10/13
  2636 | D:5      | Found Huits's Weapon Shoppe.
  2757 | D:5      | Reached ** piety under Elyvilon
  2763 | D:5      | Reached skill level 1 in Fighting
  2928 | D:5      | Found a sand-covered staircase.
  2932 | Ossuary  | Entered an ossuary
  3007 | Ossuary  | Reached skill level 1 in Invocations
  3016 | Ossuary  | Reached XP level 8. HP: 56/56 MP: 15/15
  3790 | D:6      | Reached skill level 5 in Spellcasting
  3884 | D:6      | Noticed Menkaure
  3889 | D:6      | Killed Menkaure
  3900 | D:6      | Found a shimmering blue altar of Sif Muna.
  3903 | D:6      | Found a snail-covered altar of Cheibriados.
  3988 | D:6      | Reached *** piety under Elyvilon
  4141 | D:6      | Reached XP level 9. HP: 63/63 MP: 10/17
  4544 | D:7      | Reached skill level 5 in Conjurations
  4823 | D:7      | Found Diuluw's General Store.
  4851 | D:7      | Reached skill level 5 in Invocations
  5066 | D:8      | Reached XP level 10. HP: 70/70 MP: 8/19
  5161 | D:8      | Noticed Jeremiah
  5333 | D:8      | Reached **** piety under Elyvilon
  5374 | D:8      | Killed Jeremiah
  5471 | D:8      | Noticed Erica
  5506 | D:8      | Killed Erica
  5772 | D:8      | Found a sacrificial altar of Ru.
  5956 | D:9      | Found a staircase to the Orcish Mines.
  6411 | D:9      | Found a stormy altar of Qazlal.
  6691 | D:9      | Reached skill level 1 in Evocations
  6691 | D:9      | Reached XP level 11. HP: 68/75 MP: 12/22
  6869 | D:9      | Reached skill level 1 in Staves
  6880 | D:9      | Reached skill level 5 in Stealth
  7062 | D:9      | Noticed a two-headed ogre
  7076 | D:9      | Killed a two-headed ogre
  7134 | D:9      | Noticed a two-headed ogre
  7295 | D:9      | Killed a two-headed ogre
  7418 | D:9      | Reached skill level 10 in Earth Magic
  7435 | D:9      | Noticed a brown ugly thing
  7439 | D:9      | Killed a brown ugly thing
  7669 | D:10     | Entered Level 10 of the Dungeon
  7748 | D:10     | Found a flagged portal.
  7767 | Bailey   | Entered a bailey
  8070 | Bailey   | Noticed a two-headed ogre
  8072 | Bailey   | Killed a two-headed ogre
  8302 | D:10     | Found a shadowy altar of Dithmenos.
  8343 | D:10     | Reached XP level 12. HP: 83/83 MP: 14/24
  8761 | D:10     | Found a shimmering altar of Xom.
  8917 | D:2      | Bought a book of the Earth for 432 gold pieces
  8923 | D:2      | Learned a level 5 spell: Lee's Rapid Deconstruction
  8930 | D:2      | Learned a level 6 spell: Bombard
  9098 | D:11     | Found a staircase to the Lair.
  9310 | D:11     | Noticed Psyche
  9344 | D:11     | Killed Psyche
  9406 | D:11     | Found Duotit's Book Shop.
  9671 | D:11     | Reached ***** piety under Elyvilon
  9913 | Lair:1   | Entered Level 1 of the Lair of Beasts
 10252 | Lair:1   | You fall into a shaft and drop 1 floor!
 10271 | Lair:2   | Reached skill level 10 in Invocations
 10312 | Lair:2   | Noticed a four-headed hydra
 10321 | Lair:2   | Killed a four-headed hydra
 10478 | Lair:2   | Reached skill level 10 in Spellcasting
 10511 | Lair:2   | Found a dark tunnel.
 10520 | Volcano  | Entered a volcano
 10556 | Volcano  | Noticed an occultist
 10561 | Volcano  | Killed an occultist
 10563 | Volcano  | Reached XP level 13. HP: 88/88 MP: 20/27
 11788 | Lair:2   | Found a staircase to the Swamp.
 12396 | Lair:1   | Reached XP level 14. HP: 92/94 MP: 8/29
 12913 | Lair:1   | Got the Discursus on the Baneful Blizzard
 14354 | Lair:3   | Found a hole to the Spider Nest.
 14568 | Lair:4   | Reached skill level 5 in Fighting
 14620 | Lair:4   | Reached skill level 5 in Staves
 14742 | Lair:4   | Found a frozen archway.
 14775 | IceCv    | Entered an ice cave
 14834 | IceCv    | Found a transporter.
 14891 | IceCv    | Found a transporter.
 15530 | Lair:4   | Found a viscous altar of Jiyva.
 15531 | Lair:4   | Found a staircase to the Slime Pits.
 15671 | Lair:5   | Entered Level 5 of the Lair of Beasts
 16185 | Lair:5   | Reached XP level 15. HP: 105/105 MP: 21/31
 16375 | Lair:5   | Reached skill level 5 in Armour
 16996 | Lair:5   | Reached skill level 15 in Earth Magic
 16999 | Lair:5   | Reached skill level 10 in Conjurations
 18126 | Orc:1    | Entered Level 1 of the Orcish Mines
 18775 | Orc:2    | Entered Level 2 of the Orcish Mines
 18793 | Orc:1    | Noticed Erolcha
 18800 | Orc:1    | Killed Erolcha
 18909 | Orc:1    | Found a runed translucent gate.
 18910 | Orc:1    | Found a runed translucent gate.
 18911 | Orc:1    | Found a runed translucent gate.
 18937 | Orc:1    | Noticed Splishie's ghost (novice GnSh)
 18937 | Orc:1    | Noticed anacleto's ghost (journeyman TrSh)
 18980 | Orc:1    | Killed anacleto's ghost
 19091 | Orc:1    | Killed Splishie's ghost
 19103 | Orc:1    | Learned a level 4 spell: Leda's Liquefaction
 19108 | Orc:1    | Learned a level 4 spell: Petrify
 19201 | Orc:2    | Found a staircase to the Elven Halls.
 19366 | Orc:2    | Reached skill level 1 in Alchemy
 19501 | Orc:2    | Found Owosuas's General Store.
 19504 | Orc:2    | Found Ibussaze's Magic Scroll Emporium.
 19523 | Orc:2    | Bought a scroll of summoning for 123 gold pieces
 19602 | Orc:2    | Reached XP level 16. HP: 111/111 MP: 23/33
 20049 | Orc:2    | Found Yheozab's Antique Weapon Shop.
 20049 | Orc:2    | Found Olilaull's Jewellery Boutique.
 20050 | Orc:2    | Found a one-way gate leading to the halls of Pandemonium.
 20102 | Orc:2    | Reached skill level 5 in Alchemy
 20428 | Orc:2    | Reached ****** piety under Elyvilon
 20657 | D:12     | Noticed Nessos
 20662 | D:12     | Killed Nessos
 21575 | D:12     | Found a runed translucent gate.
 21575 | D:12     | Found a runed translucent gate.
 21575 | D:12     | Found a runed translucent gate.
 21575 | D:12     | Noticed an acid blob
 21575 | D:12     | Noticed an acid blob
 21576 | D:12     | Noticed Siakut's ghost (journeyman MiBe)
 21576 | D:12     | Noticed an azure jelly
 21577 | D:12     | Noticed an acid blob
 21579 | D:12     | Noticed an acid blob
 21580 | D:12     | Noticed an acid blob
 21580 | D:12     | Noticed an azure jelly
 21583 | D:12     | Found a viscous altar of Jiyva.
 21583 | D:12     | Noticed an acid blob
 22456 | Swamp:1  | Entered Level 1 of the Swamp
 22709 | Swamp:1  | Found a sacrificial altar of Ru.
 23266 | Swamp:2  | Noticed a thorn hunter
 23268 | Swamp:2  | Pacified a thorn hunter
 23330 | Swamp:2  | Reached XP level 17. HP: 119/119 MP: 29/34
 23446 | Swamp:2  | Noticed a thorn hunter
 23448 | Swamp:2  | Pacified a thorn hunter
 23601 | Swamp:2  | Found an ornate altar of the Wu Jian Council.
 24708 | Swamp:3  | Reached skill level 5 in Dodging
 25025 | Swamp:3  | Noticed a tentacled monstrosity
 25163 | Swamp:4  | Entered Level 4 of the Swamp
 25257 | Swamp:4  | Reached skill level 10 in Armour
 26010 | Swamp:4  | Noticed a thorn hunter
 26012 | Swamp:4  | Pacified a thorn hunter
 26053 | Swamp:4  | Reached skill level 15 in Invocations
 26264 | Swamp:4  | Got a decaying rune of Zot
 26559 | Lair:3   | Learned a level 4 spell: Olgreb's Toxic Radiance
 26560 | Spider:1 | Entered Level 1 of the Spider Nest
 26567 | Spider:1 | Reached XP level 18. HP: 127/127 MP: 25/35
 27291 | Spider:1 | Identified the +5 broad axe of Cobwebs {elec, Will+ SInv}
 30423 | Spider:3 | Reached skill level 10 in Alchemy
 30851 | Spider:4 | Entered Level 4 of the Spider Nest
 30869 | Spider:4 | Reached XP level 19. HP: 132/132 MP: 17/37
 31669 | Spider:4 | Learned a level 5 spell: Irradiate
 31951 | Spider:4 | Got a gossamer rune of Zot
 32526 | D:14     | Reached skill level 15 in Spellcasting
 32723 | D:14     | Found a gate to the Vaults.
 32883 | D:14     | Identified the +9 great mace "Railouno" {freeze, Str+3
                  | Int+4}
 32983 | D:15     | Entered Level 15 of the Dungeon
 33091 | D:15     | Found Oxtumu's CLEARANCE SALE!.
 33238 | D:15     | Found a staircase to the Depths.
 33331 | D:15     | Found a gate leading to a gauntlet.
 33339 | Gauntlet | Entered a Gauntlet
 33339 | Gauntlet | Found a transporter.
 33339 | Gauntlet | Found a transporter.
 33349 | Gauntlet | Found a transporter.
 33364 | Gauntlet | Found a transporter.
 33366 | Gauntlet | Found a large runed translucent door.
 33366 | Gauntlet | Found a large runed translucent door.
 33367 | Gauntlet | Found a large runed translucent door.
 33367 | Gauntlet | Found a large runed translucent door.
 33368 | Gauntlet | Found a large runed translucent door.
 33368 | Gauntlet | Found a runed translucent door.
 33368 | Gauntlet | Found a large runed translucent door.
 33368 | Gauntlet | Found a runed translucent door.
 33368 | Gauntlet | Found a large runed translucent door.
 33368 | Gauntlet | Found a large runed translucent door.
 33372 | Gauntlet | Found a large runed translucent door.
 33372 | Gauntlet | Found a large runed translucent door.
 33373 | Gauntlet | Found a large runed translucent door.
 33373 | Gauntlet | Found a large runed translucent door.
 33376 | Gauntlet | Found a large runed translucent door.
 33376 | Gauntlet | Found a large runed translucent door.
 33377 | Gauntlet | Found a runed translucent gate.
 33377 | Gauntlet | Found a runed translucent gate.
 33377 | Gauntlet | Found a runed translucent gate.
 33379 | Gauntlet | Found a transporter.
 33389 | Gauntlet | Found a large runed translucent door.
 33390 | Gauntlet | Found a large runed translucent door.
 33392 | Gauntlet | Found a transporter.
 33408 | Gauntlet | Found a transporter.
 33485 | Gauntlet | Found a transporter.
 33486 | Gauntlet | Found a transporter.
 33495 | Gauntlet | Identified a scroll of acquirement
 33497 | Gauntlet | Found a transporter.
 33504 | Gauntlet | Found the +4 skin of Zhor {*Englaciate rC+++ SInv}
 33505 | Gauntlet | Found a transporter.
 33537 | Gauntlet | Found a transporter.
 33544 | Gauntlet | Found a transporter.
 33570 | Gauntlet | Found a transporter.
 33615 | Gauntlet | Found a transporter.
 33629 | Gauntlet | Found a transporter.
 33845 | Gauntlet | Reached skill level 15 in Armour
 33852 | Gauntlet | Identified the amulet of Qyacw {RegenMP rC++ Int+3 Dex-2
                  | Slay+2}
 34007 | Gauntlet | Identified the amulet of the Akabeko {Acrobat Str+3 Stlth-}
 34079 | Gauntlet | Identified the +9 trident of Unpleasantness {antimagic,
                  | rC++}
 34095 | Gauntlet | Got the Secrets of Rallying
 34105 | Gauntlet | Got the Grimoire of the Ego
 34834 | D:15     | Acquired the +1 cloak of Netyho {rElec}
 35088 | Elf:1    | Entered Level 1 of the Elven Halls
 35088 | Elf:1    | Found a runed translucent gate.
 35088 | Elf:1    | Found a runed translucent gate.
 35088 | Elf:1    | Found a runed translucent gate.
 35088 | Elf:1    | Found a runed translucent gate.
 35088 | Elf:1    | Found a runed translucent gate.
 35088 | Elf:1    | Found a runed translucent gate.
 35089 | Elf:1    | Found a runed translucent door.
 35637 | Elf:1    | Reached XP level 20. HP: 136/139 MP: 25/39
 36088 | Elf:1    | Found a runed translucent door.
 36887 | Elf:2    | Found a runed translucent gate.
 36889 | Elf:2    | Found a runed translucent gate.
 36889 | Elf:2    | Found a runed translucent gate.
 37239 | Elf:2    | Noticed Azrael
 37483 | Elf:2    | Killed Azrael
 37737 | Elf:3    | Entered Level 3 of the Elven Halls
 37993 | Elf:3    | Found Kebaelao's General Store.
 38038 | Elf:3    | Bought a wand of quicksilver (4) for 302 gold pieces
 38208 | Elf:3    | Reached XP level 21. HP: 149/194 MP: 29/55
 38390 | Elf:3    | Found the amulet of the Air {Inacc Air Fly rElec RMsl}
 38390 | Elf:3    | Found the +9 staff of Olgreb {rPois∞}
 38429 | Elf:3    | Got the Textbook on the Topological Crucible
 38463 | Elf:3    | Identified the +1 chain mail "Foycyney" {rF+ MP+9 SInv}
 38465 | Elf:3    | Got the Papyrus of Blasted Thunder
 38470 | Elf:3    | Identified the +1 short sword "Emistiwuf" {freeze, rElec
                  | rPois MP+9 Int-5}
 38490 | Elf:3    | Found the +8 mithril axe "Arga" {speed, Will+}
 38510 | Elf:3    | Identified the +2 helmet of the Oni {+Blink rC- rN+}
 38520 | Elf:3    | Got the Almanac of Twinkling Impurities
 38521 | Elf:3    | Identified the +0 plate armour of Too Many Cooks {+Blink}
 38543 | Elf:3    | Identified the +4 ring mail of the Gravedigger {-Tele rElec
                  | Dex+3}
 38550 | Elf:3    | Identified the +8 long sword of Emeis {flame, Will+ Dex+6}
 38893 | D:11     | Learned a level 5 spell: Alistair's Intoxication
 38900 | D:11     | Learned a level 6 spell: Eringya's Noxious Bog
 39004 | Vaults:1 | Entered Level 1 of the Vaults
 39141 | Vaults:1 | Reached skill level 15 in Alchemy
 39148 | Vaults:1 | Learned a level 4 spell: Ignite Poison
 39650 | Vaults:1 | Found Uqom Wur's Weapon Emporium.
 39683 | Vaults:1 | Found Yjaj's Antique Armour Emporium.
 39698 | Vaults:1 | Found Himats's Distillery.
 39704 | Vaults:1 | Bought a potion of magic for 128 gold pieces
 39869 | Vaults:1 | Found a runed translucent gate.
 39869 | Vaults:1 | Found a runed translucent gate.
 39869 | Vaults:1 | Found a runed translucent gate.
 39871 | Vaults:1 | Noticed Ruxt's ghost (adept MiFi)
 39883 | Vaults:1 | Found Lein's Weapon Boutique.
 39891 | Vaults:1 | Bought the +5 quarterstaff of Perversion {spect, *Corrode
                  | rN+ Will+++} for 1166 gold pieces
 40892 | Vaults:2 | Found Pokibbea's Jewellery Shop.
 40901 | Vaults:2 | Reached XP level 22. HP: 132/151 MP: 33/43
 41030 | Vaults:2 | Identified the +10 hand axe of Wyrd {protect, Will+}
 41145 | Vaults:2 | Got the Folio of Jinxing
 41727 | Vaults:2 | Acquired the ring of Spontaneous Combustion {Will+ rCorr
                  | SInv}
 42247 | Vaults:3 | Found a flickering gateway to a bazaar.
 42263 | Bazaar   | Entered a bazaar
 42263 | Bazaar   | Found Imulu's Magic Scroll Shop.
 42263 | Bazaar   | Found Sorerphal's Antique Weapon Boutique.
 42263 | Bazaar   | Found Zus Paib's General Store.
 42263 | Bazaar   | Found Idoekaoz's Book Boutique.
 42263 | Bazaar   | Found Meruge's General Store.
 42299 | Bazaar   | Bought a scroll of enchant armour for 90 gold pieces
 42303 | Bazaar   | Bought a scroll of acquirement for 676 gold pieces
 42303 | Bazaar   | Bought a potion of heal wounds for 65 gold pieces
 42303 | Bazaar   | Bought a potion of heal wounds for 65 gold pieces
 42331 | Vaults:3 | Acquired 1007 gold pieces
 42867 | Vaults:3 | Found a staircase to the Crypt.
 43421 | Vaults:3 | Identified the +1 helmet of Tenacity {rElec Will+++ Regen+
                  | Int-3}
 43695 | Vaults:4 | Found the +9 scales of the Dragon King {rPois rF+ rC+
                  | Will+}
 43703 | Vaults:4 | Reached XP level 23. HP: 120/156 MP: 27/45
 45530 | Vaults:4 | Identified the +1 spear of the Ubiquitous God {freeze,
                  | rPois}
 45585 | Vaults:5 | Entered Level 5 of the Vaults
 45592 | Vaults:5 | Noticed an ancient lich
 45598 | Vaults:5 | Killed an ancient lich
 45610 | Vaults:5 | Noticed Margery
 45618 | Vaults:5 | Reached XP level 24. HP: 92/210 MP: 45/59
 45618 | Vaults:5 | Noticed a golden dragon
 45620 | Vaults:5 | Noticed a golden dragon
 45626 | Vaults:4 | Elyvilon protects you from harm!
 45627 | Vaults:4 | HP: 1/202 [hell knight/+1 broad axe of draining[Margery]
                  | (12)]
 45627 | Vaults:4 | Elyvilon protects you from harm!
 45627 | Vaults:4 | Elyvilon protects you from harm!
 46086 | Vaults:1 | Killed Ruxt's ghost
 46354 | Depths:1 | Entered Level 1 of the Depths
 46867 | Depths:1 | Found a one-way gate to the infinite horrors of the Abyss.
 46937 | Depths:1 | Found a gateway to Hell.
 47088 | Depths:1 | Identified the +2 leather armour of Ykolu {rPois rN++
                  | Regen+ Int-5}
 47348 | Depths:2 | Found a runed translucent door.
 47348 | Depths:2 | Noticed Biggs's ghost (veteran DjCj)
 47543 | Depths:2 | Noticed Bai Suzhen
 47547 | Depths:2 | Killed Bai Suzhen
 48250 | Depths:2 | Learned a level 4 spell: Fulminant Prism
 48582 | Depths:2 | Found Gamoamaf's Jewellery Boutique.
 48582 | Depths:2 | Found Bull's Book Shoppe.
 48583 | Depths:2 | Found Galau's Jewellery Boutique.
 48597 | Depths:2 | Bought the ring "Henonaha" {rElec rC+ rN++ Will+ Dex-2} for
                  | 1098 gold pieces
 48748 | Depths:2 | Upgraded the game from 0.32-a0-30-gefbe487952 to
                  | 0.32-a0-35-gd9ff480968
 48981 | Depths:3 | Reached XP level 25. HP: 168/168 MP: 34/47
 49147 | Depths:3 | Found a one-way gateway to a ziggurat.
 50347 | Depths:3 | Got Qorudgh's Grimoire of Mutated Summoning
 50510 | Depths:4 | Entered Level 4 of the Depths
 50768 | Depths:4 | Noticed the Enchantress
 50778 | Depths:4 | Killed the Enchantress
 50970 | Depths:4 | Noticed Boris
 50979 | Depths:4 | Killed Boris
 51840 | Depths:4 | Found a gate to the Realm of Zot.
 51896 | Depths:4 | Reached XP level 26. HP: 175/175 MP: 39/48
 52391 | Vaults:5 | Killed Margery
 52672 | Vaults:5 | Identified the staff of Evox {rElec rF+ Tloc Fire Ice}
 52790 | Vaults:4 | Killed the ghostly Margery
 53188 | Vaults:5 | Identified the +5 dagger of Itwyczib {venom, Int+5 Dex+3
                  | Stlth+}
 53309 | Vaults:5 | Identified the +0 robe of Creativity {Harm Rampage}
 53403 | Vaults:5 | Noticed Jory
 53410 | Vaults:5 | Killed Jory
 53635 | Vaults:5 | Identified the +9 orcbow of Integrity {heavy, Int+2 Stlth+}
 53816 | Vaults:5 | Identified the +8 rapier "Jairriet" {flame, rF++ Int-4}
 54064 | Vaults:5 | Found Pepof's Book Shoppe.
 54073 | Vaults:5 | Bought the Papyrus of the Salvo for 644 gold pieces
 54076 | Vaults:5 | Got a silver rune of Zot
 54880 | Crypt:1  | Entered Level 1 of the Crypt
 55905 | Crypt:2  | Identified the +5 ring mail of Patterns {Rampage Fly rC+
                  | Dex-3}
 56638 | Temple   | Fell from the grace of Elyvilon
 56638 | Temple   | Became a worshipper of the Shining One
 56638 | Temple   | Reached * piety under the Shining One
 56638 | Temple   | Reached ** piety under the Shining One
 56638 | Temple   | Reached *** piety under the Shining One
 57267 | Crypt:2  | Reached **** piety under the Shining One
 57440 | Crypt:2  | Found a runed translucent door.
 57447 | Crypt:2  | Noticed Micliseo's ghost (adept GrFi)
 57460 | Crypt:2  | Killed Micliseo's ghost
 57461 | Crypt:2  | Reached XP level 27. HP: 169/180 MP: 13/49
 57722 | Crypt:3  | Entered Level 3 of the Crypt
 57771 | Crypt:3  | Identified the orb of the Sailor {*channel, rF- Dex+6 Summ}
 57771 | Crypt:3  | Noticed Frederick
 57776 | Crypt:3  | Killed Frederick
 58029 | Crypt:3  | Reached ***** piety under the Shining One
 58257 | Crypt:3  | Found an ancient bone altar of Kikubaaqudgha.
 58457 | Crypt:3  | Reached ****** piety under the Shining One
 58480 | Crypt:3  | Identified the ring "Xoax" {rPois rC+ rCorr}
 58498 | Crypt:3  | Identified the ring "Sypoxis" {Ice ^Contam rElec SInv}
 58498 | Crypt:3  | Noticed Josephina
 58503 | Crypt:3  | Killed Josephina
 58684 | Crypt:3  | Reached skill level 27 in Earth Magic
 58693 | Crypt:3  | Learned a level 4 spell: Animate Armour
 58835 | Crypt:3  | Identified the +1 plate armour "Hero's Friend" {rElec rN+
                  | Int-4 Stlth+}
 58900 | Crypt:3  | Found a staircase to the Tomb.
 58987 | Crypt:3  | Identified the ring "Jeucakag" {rElec rC+ SInv}
 59400 | Depths:1 | Voluntarily entered the Abyss.
 59417 | Depths:1 | Escaped the Abyss
 59419 | Depths:1 | Voluntarily entered the Abyss.
 59420 | Abyss:1  | Found a corrupted altar of Lugonu.
 59458 | Abyss:3  | Got an abyssal rune of Zot
 59471 | Abyss:3  | Found a corrupted altar of Lugonu.
 59497 | Abyss:3  | Found a corrupted altar of Lugonu.
 59497 | Abyss:3  | Gained mutation: You have hidden genetic defects. [a
                  | neqoxec]
 59627 | Depths:1 | Escaped the Abyss
 59832 | Depths:2 | Killed Biggs's ghost
 59845 | Depths:2 | Found a runed translucent door.
 59885 | Depths:2 | Noticed Khashishi's ghost (adept DsWn)
 59915 | Depths:2 | Killed Khashishi's ghost
 59983 | Depths:2 | Found a runed translucent door.
 59983 | Depths:2 | Noticed whatisthis's ghost (veteran GnRe)
 59998 | Depths:2 | Killed whatisthis's ghost
 60018 | Depths:2 | Gained mutation: Armour fits poorly on your strangely
                  | shaped body. [hidden defects]
 60053 | Depths:2 | Lost mutation: You have hidden genetic defects. [potion of
                  | mutation]
 60053 | Depths:2 | Lost mutation: Armour fits poorly on your strangely shaped
                  | body. [potion of mutation]
 60053 | Depths:2 | Gained mutation: You are strong-willed. (Will+) [potion of
                  | mutation]
 60053 | Depths:2 | Gained mutation: You are somewhat resistant to further
                  | mutation. [potion of mutation]
 60053 | Depths:2 | Gained mutation: Your flesh is heat resistant. (rF+)
                  | [potion of mutation]
 60070 | Depths:2 | Identified the ring "Nece" {Ice MP-9 Str+2 Int+3}
 60268 | D:12     | Killed Siakut's ghost
 60269 | D:12     | Reached skill level 15 in Conjurations
 60291 | D:12     | Identified the +1 robe of Dithmenos's Regard {rN+ Int+2
                  | Dex-4}
 60477 | Slime:1  | Entered Level 1 of the Pits of Slime
 60560 | Slime:1  | Reached skill level 10 in Staves
 61458 | Slime:2  | Reached skill level 10 in Fighting
 62166 | Slime:5  | Entered Level 5 of the Pits of Slime
 63109 | Slime:5  | Noticed the Royal Jelly
 63208 | Slime:5  | Found a viscous altar of Jiyva.
 63323 | Slime:5  | Killed the Royal Jelly
 63348 | Slime:5  | Identified the +2 cloak of Kikubaaqudgha's Scorn {+Blink
                  | rN+ Int-3}
 63357 | Slime:5  | Got a slimy rune of Zot
 63388 | Slime:5  | Identified the staff of the Skies Above {rF+ rC+ Str+3 Ice}
 63441 | Slime:5  | Identified the ring "Xierecs" {^Contam rCorr Str+9}
 63448 | Slime:5  | Identified the +3 leather armour of the Centaur {Harm
                  | Stlth+}
 63449 | Slime:5  | Identified the +3 scale mail of Wu Jian's Grace {Will+
                  | Stlth+}
 64016 | Zot:1    | Entered Level 1 of the Realm of Zot
 65121 | Zot:2    | Noticed a Killer Klown
 65130 | Zot:2    | Killed a Killer Klown
 67939 | Zot:3    | Noticed a Killer Klown
 67944 | Zot:3    | Killed a Killer Klown
 68545 | Zot:3    | Identified the +5 double sword of Wondrous Power {freeze,
                  | +Blink}
 69617 | Zot:5    | Entered Level 5 of the Realm of Zot
 71262 | Hell     | Entered the Vestibule of Hell
 71262 | Hell     | Noticed Geryon
 71273 | Hell     | Killed Geryon
 71560 | Hell     | Found a gateway to the Iron City of Dis.
 71611 | Hell     | Found a gateway to the ashen valley of Gehenna.
 71701 | Hell     | Found a gateway to the decaying netherworld of Tartarus.
 71760 | Hell     | Found a gateway to the freezing wastes of Cocytus.
 71988 | Pan      | Entered Pandemonium
 72290 | Pan      | Noticed Uvuynimiu the pandemonium lord
 72304 | Pan      | Killed Uvuynimiu the pandemonium lord
 72431 | Pan      | Acquired the +3 warlock's mirror {omnireflect}
 72431 | Pan      | Found the +3 warlock's mirror {omnireflect}
 72849 | Pan      | Was placed under penance by the Shining One
 73022 | Pan      | Found a runed translucent door.
 73032 | Pan      | Found a runed translucent door.
 73035 | Pan      | Noticed Xucoisas the pandemonium lord
 73042 | Pan      | Found a runed translucent door.
 73189 | Pan      | Found a runed translucent door.
 73387 | Pan      | Was forgiven by the Shining One
 73591 | Pan      | Killed Xucoisas the pandemonium lord
 73594 | Pan      | Reached skill level 15 in Fighting
 73897 | Pan      | Found a huge runed translucent gate.
 73944 | Pan      | Found an exit through the horrors of the Abyss.
 73958 | Pan      | Found a huge runed translucent gate.
 73959 | Pan      | Found a huge runed translucent gate.
 73960 | Pan      | Found a huge runed translucent gate.
 73961 | Pan      | Found a huge runed translucent gate.
 73964 | Pan      | Found a huge runed translucent gate.
 73965 | Pan      | Found a huge runed translucent gate.
 74286 | Pan      | Entered the realm of Cerebov.
 74400 | Pan      | Found an exit through the horrors of the Abyss.
 74899 | Pan      | Identified the +5 long sword of Conscience {freeze, rElec
                  | Will- Dex+9}
 75093 | Pan      | Identified the ring of Xuimag {Fire ^Drain rElec rCorr
                  | Dex+2}
 75130 | Pan      | Identified the +10 dagger "Lolucen" {pain, rElec Str+6
                  | Dex-2 Stlth+}
 75138 | Pan      | Identified the +8 scimitar "Oficeah" {freeze, Int+4}
 75176 | Pan      | Found the +6 sword of Cerebov {flame}
 75176 | Pan      | Noticed Cerebov
 75198 | Pan      | Killed Cerebov
 75417 | Pan      | Identified the +1 scale mail of Polish {Fly rPois rF- rN+}
 75482 | Pan      | Identified the ring "Xood" {Wiz Will+ Int+8 Slay+3}
 75496 | Pan      | Learned a level 8 spell: Lehudib's Crystal Spear
 75537 | Pan      | Got a fiery rune of Zot
 76198 | Pan      | Noticed Jeesm the pandemonium lord
 76224 | Pan      | Killed Jeesm the pandemonium lord
 77077 | Pan      | Noticed Rywyefox the pandemonium lord
 77082 | Pan      | Killed Rywyefox the pandemonium lord
 77362 | Pan      | Found an exit through the horrors of the Abyss.
 77530 | Pan      | Identified the -2 tower shield of the Glamorous God {rC+
                  | Regen+}
 77683 | Pan      | Found a glowing silver altar of Zin.
 77969 | Pan      | Acquired 1006 gold pieces
 78413 | Pan      | Found a white marble altar of Elyvilon.
 80008 | Pan      | Noticed a seraph
 80021 | Pan      | Killed a seraph
 80251 | Pan      | Found a glowing golden altar of the Shining One.
 80277 | Pan      | Got a demonic rune of Zot
 80280 | Pan      | Identified the +3 whip "Ekupevymp" {drain, Fly rPois rC+}
 80288 | Pan      | Identified the staff "Eviscerator" {rElec rF- rN+++ rCorr
                  | Str+3 Air}
 80371 | Pan      | Reached skill level 27 in Spellcasting
 80420 | Depths:4 | Escaped Pandemonium
 80445 | Pan      | Entered Pandemonium
 80468 | Pan      | Noticed Wiafone the pandemonium lord
 80468 | Pan      | Found a huge runed translucent gate.
 80468 | Pan      | Found a huge runed translucent gate.
 80468 | Pan      | Found a huge runed translucent gate.
 80468 | Pan      | Found a huge runed translucent gate.
 80468 | Pan      | Found a huge runed translucent gate.
 80468 | Pan      | Found a huge runed translucent gate.
 80468 | Pan      | Found a huge runed translucent gate.
 80492 | Pan      | Killed Wiafone the pandemonium lord
 80952 | Pan      | Entered the realm of Gloorx Vloq.
 81425 | Pan      | Identified the +3 tower shield of Refuge {*Slow Regen+
                  | Str+6 Slay+3}
 81533 | Pan      | Noticed Gloorx Vloq
 81538 | Pan      | Killed Gloorx Vloq
 81666 | Pan      | Got a dark rune of Zot
 81788 | Pan      | Was placed under penance by the Shining One
 81918 | Pan      | Noticed Geiffesa the pandemonium lord
 81925 | Pan      | Killed Geiffesa the pandemonium lord
 81958 | Pan      | Was forgiven by the Shining One
 82508 | Pan      | Identified the +10 long sword of Thieving Evisceration
                  | {holy, rN+ Stlth+}
 82746 | Pan      | Noticed Wigellur the pandemonium lord
 82765 | Pan      | Killed Wigellur the pandemonium lord
 82999 | Pan      | Noticed Becyoxt the pandemonium lord
 83007 | Pan      | Killed Becyoxt the pandemonium lord
 83408 | Pan      | Noticed Ysuhog the pandemonium lord
 83428 | Pan      | Killed Ysuhog the pandemonium lord
 83844 | Pan      | Entered the realm of Lom Lobon.
 84543 | Pan      | Reached skill level 27 in Armour
 84677 | Pan      | Noticed Lom Lobon
 84691 | Pan      | Killed Lom Lobon
 84771 | Pan      | Got a magical rune of Zot
 84918 | Pan      | Entered the realm of Mnoleg.
 85295 | Pan      | Identified the +5 tower shield "Geeti" {Fly rCorr}
 85684 | Pan      | Noticed Mnoleg
 85693 | Pan      | Killed Mnoleg
 85694 | Pan      | Reached skill level 10 in Dodging
 85781 | Pan      | Got a glowing rune of Zot
 85844 | Depths:4 | Escaped Pandemonium
 86011 | Dis:1    | Entered Level 1 of the Iron City of Dis
 86328 | Dis:3    | Reached skill level 27 in Invocations
 86798 | Dis:3    | Learned a level 7 spell: Orb of Destruction
 87183 | Dis:5    | Noticed a juggernaut
 87188 | Dis:5    | Killed a juggernaut
 87520 | Dis:6    | HP: 6/220 [golden dragon (11)]
 87520 | Dis:6    | Demolished by a caustic shrike

Illustrated notes

Levels and vault maps discovered:
D:1:      beargit_arrival_greenhouse, layout_basic
D:2:      layout_rooms, serial_shops, shop_coins, uniq_terence
D:3:      layout_rooms, serial_shops, shop, shop, shop, shop
D:4:      layout_basic, nemelex_diamond_rough_becter, trog_wizard, temple_green
D:5:      layout_basic, nicolae_ossuary_entry_plus, serial_shops,
          nicolae_shop_bloodbath_and_beyond, kennysheep_generic_room_4
D:6:      layout_gridville, nicolae_overflow_squiral, uniq_menkaure
D:7:      layout_rooms, serial_shops, shop, minmay_misc_feat_alley
D:8:      layout_basic, nicolae_ru_the_path_less_chosen, uniq_erica,
          uniq_jeremiah
D:9:      minmay_slanted_spiral_squares, layout_stronghold,
          nicolae_qazlal_scattered_showers, hiddenorc2_lemuel, serial_ice,
          serial_ice_a, serial_ice_l, serial_ice_b, serial_ice_g, serial_ice_o,
          serial_ice_h, serial_ice_f
D:10:     layout_loops_ring, mainiacjoe_overflow_tiny_flanked, led_xom_imps,
          enter_bailey_5
D:11:     layout_long_grid, lair_entry_dummy, serial_shops, shop, uniq_psyche
D:12:     layout_roguey, gammafunk_ghost_ooze, uniq_nessos
D:13:     layout_irregular_city
D:14:     layout_cross, hellmonk_vaults_keyhole, serial_park_tiny_pond,
          minmay_misc_feat_columns
D:15:     gammafunk_enter_depths_forms, layout_long_grid,
          gauntlet_entry_generic, minmay_hedge_maze, minivault_16,
          nicolae_shop_clearance
Temple:   minmay_temple_curvy_branch
Lair:1:   layout_gridlike, nicolae_lair_run_with_the_wolves, lemuel_fruit_fields
Lair:2:   layout_regular_city, mainiacjoe_swamp_entry_angry_trees,
          enter_volcano_1, pdpol_lair_neglected_garden,
          small_statue_intersection, beast_lair_carwin_6,
          infiniplex_staircase_pool, lemuel_fruit_tree, grunt_megastairs_2
Lair:3:   layout_regular_city, spider_nest_entry_funnel_web,
          chequers_serial_rivers_marsh, minivault_23
Lair:4:   layout_cave_pods, nicolae_slime_entry_slimehenge,
          portal_ice_cave_entry_imps
Lair:5:   evilmike_catoblepas_cave, layout_cave_pods, serial_bayou_lake_a,
          serial_bayou_shore_a, grunt_megastairs_1
Swamp:1:  layout_falls_marsh, hangedman_swamp_diagram, lemuel_altar_in_water,
          swamp_pool_4, nicolae_swamp_some_circles
Swamp:2:  layout_basic_swamp, evilmike_swamp_ruin_house_6, swamp_pool_3,
          nicolae_swamp_oxbows, nicolae_swamp_feature_on_the_river_bank
Swamp:3:  cheibrodos_swamp_monstrosity, layout_basic_swamp, serial_swamp_ruin,
          evilmike_swamp_ruin_house_5, evilmike_swamp_ruin_house_1,
          swamp_pool_1_2, nicolae_swamp_decorative_isthmus
Swamp:4:  swamp_basic_johnstein, layout_basic_swamp, swamp_pool_3,
          nicolae_swamp_bean_lake, nicolae_swamp_tree_isthmus
Spider:1: layout_cave_pods, special_room [special_room_bee]
Spider:2: layout_spider_delve, nicolae_spider_rock_and_or_roll
Spider:3: layout_spider_delve
Spider:4: hellmonk_spider_rune_bug_friends, nicolae_spider_twisty_arc_passages
Slime:1:  cheibrodos_slime_lost_civilization_2, layout_caves
Slime:2:  layout_caves
Slime:3:  layout_caves, special_room [special_room_jelly]
Slime:4:  layout_caves, cheibrodos_slime_lost_civilization_4
Slime:5:  slime_pit_nicolae_jellycorners
Orc:1:    layout_caves, gammafunk_ghost_cemetery, blackcustard_rock_pile,
          uniq_erolcha
Orc:2:    pf_orc_diabolical, layout_diamond_mine, basic_altar
Elf:1:    nicolae_elf_arrival_dilemma, layout_geoelf_octagon, evilmike_minifort
Elf:2:    elven_hall_of_blades_hangedman_original [nicolae_blade_tridents],
          layout_loops_ring, uniq_azrael
Elf:3:    minmay_elf_hall_four_x, layout_geoelf_octagon, serial_shops,
          nicolae_shop_waterfront, minivault_16
Vaults:1: gammafunk_ghost_necromancy, nicolae_vaults_taking_the_gang_shopping,
          hangedman_vaults_hard_town_square, nicolae_vaults_network_periphery,
          v_misc_29, nicolae_vaults_house_3, nicolae_vaults_cornered_office,
          nicolae_vaults_storage_closets_2, nicolae_vaults_mini_display_case,
          vaults_mumra_lcd, nicolae_vaults_tetromino_L_1,
          vaults_room_stairs_pillars, vaults_room_stairs_pillars,
          nicolae_vaults_little_squares_2, layout_vaults_omnigrid
Vaults:2: v_misc_30, ontoclasm_vaults_idyll, ontoclasm_vaults_claustrophobia,
          vaults_dpeg_ring, v_misc_15, nicolae_vaults_specimen_jars,
          nicolae_vaults_trapezoid_4, st_check, vaults_standard_mumra_lines,
          layout_vaults_ring, serial_shops, shop
Vaults:3: v_rooms_3, nicolae_vaults_house_2, minmay_crypt_entry_simple_sparse,
          nicolae_vaults_more_shelving_1, nicolae_vaults_offset_grid_hallway_3,
          nicolae_vaults_asterisk, vaults_room_door_hall,
          kennysheep_ogre_elephant_herders, ontoclasm_vaults_twist,
          nicolae_vaults_storage_room_glass, vaults_mumra_hex,
          nicolae_vaults_stepped_doors, layout_vaults_omnicross, serial_shops,
          bzr_firewalk
Vaults:4: v_misc_5, v_rooms_1, nooodl_orcs_dogs, nicolae_vaults_octothorpe,
          nicolae_vaults_heist, v_misc_32, v_alt_pattern_3,
          nicolae_vaults_ring_of_whatevers, ontoclasm_vaults_tryst,
          nicolae_vaults_big_angled_halls, v_misc_2, v_misc_11,
          layout_vaults_omnibox
Vaults:5: uniq_jory, uniq_margery
Crypt:1:  layout_rooms, nicolae_crypt_smalloseum
Crypt:2:  layout_basic, serial_corexii_hall, chequers_hall_statues_wall_a,
          corexii_hall_statues_i, corexii_hall_statues_deadend,
          corexii_hall_statues_u, ebering_ghost_reflecting_pool
Crypt:3:  grunt_crypt_end_deaths_head, uniq_josephina, uniq_frederick
Depths:1: layout_cave_pools, hangedman_coc_ice_floe, abyss_entry,
          minmay_misc_feat_secret_circle, st_stairs_10, dpeg_stationary_puzzle,
          serial_bayou_shore_b
Depths:2: minmay_angry_zag, layout_gridville, hell_entry,
          rand_demon_pan_entry_7, nicolae_titane,
          muffindrake_ghost_three_little_ghosts, infiniplex_staircase_star,
          minmay_shop_grove, serial_bayou_shore_b, uniq_bai_suzhen
Depths:3: grunt_deathspiral_small, layout_gridville, enter_ziggurat_f,
          serial_bayou_ford_a, abyss_entry, hell_entry,
          infiniplex_staircase_pool_lava
Depths:4: evilmike_zot_entry_argh, layout_long_grid, roderic_serpentine_path,
          rand_demon_pan_entry_4, pf_hell_entry_tar_spiral, uniq_enchantress,
          uniq_boris
Hell
Dis:1:    nicolae_hells_demon_pit, layout_overlapping_boxes
Dis:2:    layout_subdivisions
Dis:3:    nicolae_dis_array, layout_gridville, lemuel_dis_dragons
Dis:4:    layout_jigsaw
Dis:5:    nicolae_hells_titanomachy
Dis:6:    layout_regular_city, nicolae_dis_metal_dragon_surprise
Zot:1:    layout_onion_interference, hangedman_zot_wheel_spokes,
          skrybe_zot_glass_3
Zot:2:    grunt_twist_and_shout, layout_onion_interference,
          regret_index_zotdec_gossamer_parallel
Zot:3:    kennysheep_room_grid, layout_onion_interference,
          hangedman_zot_decor_scrapings, nicolae_rock_paper_scissors
Zot:4:    layout_gridlike
Zot:5:    layout_cathedral_of_symmetry, gammafunk_ghost_grave

Skill      XL: |  1  2  3  4  5  6  7  8  9 10 11 12 13 14 15 16 17 18 19 20 21 22 23 24 25 26 27 |
---------------+----------------------------------------------------------------------------------+-----
Conjurations   | 1 2 3 4 5 6 7 8 9 10 11 12 13 14 18 | 18.5
Earth Magic    | 4 5 6 8 9 10 12 13 14 15 17 18 19 20 21 23 24 25 26 27 | 27.0
Spellcasting   | 3 4 5 6 7 8 10 11 12 13 14 15 16 17 18 19 20 21 22 27 | 27.0
Armour         | 1 2 3 4 7 9 11 13 15 17 18 27 | 27.0
Fighting       | 2 3 4 5 6 7 18 | 18.8
Invocations    | 1 3 5 7 8 10 12 13 14 15 16 27 | 27.0
Dodging        | 2 3 4 5 13 | 13.8
Stealth        | 3 4 5 6 |  6.0
Evocations     | 1 3 4 |  4.0
Staves         | 3 4 5 6 7 8 14 | 14.0
Alchemy        | 2 5 7 10 11 13 16 18 19 21 22 23 | 23.0

Action                     |  1- 3 |  4- 6 |  7- 9 | 10-12 | 13-15 | 16-18 | 19-21 | 22-24 | 25-27 || total
---------------------------+-------+-------+-------+-------+-------+-------+-------+-------+-------++-------
  Melee: Unarmed           |     4 |       |       |       |       |       |       |       |       ||     4
         Spear             |     4 |       |       |       |       |       |       |       |       ||     4
         Mace              |       |    30 |   103 |    54 |       |       |       |       |       ||   187
         Punch             |       |       |     1 |       |       |       |       |       |       ||     1
         Staff             |       |       |       |    40 |   121 |    77 |    35 |   111 |   736 ||  1120
         Lajatang          |       |       |       |       |    91 |    68 |    16 |    25 |   336 ||   536
         Quarterstaff      |       |       |       |       |       |       |     6 |       |       ||     6
  Throw: Dart              |       |     3 |       |       |       |       |       |       |       ||     3
   Cast: Sandblast         |    31 |    47 |    62 |    41 |    38 |     9 |       |       |       ||   228
         Stone Arrow       |       |     2 |    32 |   201 |   303 |   203 |    77 |    63 |    41 ||   922
         Brom's Barrelling |       |       |     4 |    17 |    83 |   140 |    49 |    13 |    54 ||   360
         Lee's Rapid Decon |       |       |       |     4 |   150 |   134 |   273 |   240 |  1251 ||  2052
         Bombard           |       |       |       |       |       |   118 |    62 |    86 |   956 ||  1222
         Petrify           |       |       |       |       |       |    11 |     2 |     1 |     7 ||    21
         Olgreb's Toxic Ra |       |       |       |       |       |   102 |    53 |    85 |    19 ||   259
         Leda's Liquefacti |       |       |       |       |       |     1 |     5 |       |     1 ||     7
         Passwall          |       |       |       |       |       |       |     2 |       |     7 ||     9
         Irradiate         |       |       |       |       |       |       |     2 |     3 |    64 ||    69
         Ignite Poison     |       |       |       |       |       |       |     7 |    17 |     7 ||    31
         Eringya's Noxious |       |       |       |       |       |       |     5 |    24 |    32 ||    61
         Alistair's Intoxi |       |       |       |       |       |       |       |     6 |     2 ||     8
         Fulminant Prism   |       |       |       |       |       |       |       |    11 |   161 ||   172
         Lehudib's Crystal |       |       |       |       |       |       |       |       |    94 ||    94
         Animate Armour    |       |       |       |       |       |       |       |       |    59 ||    59
 Invoke: Heal Other        |       |       |     1 |    20 |    21 |    17 |    11 |     4 |     1 ||    75
         Heal Self         |       |       |       |       |     3 |     2 |     1 |     7 |     2 ||    15
         Divine Vigour     |       |       |       |       |       |     1 |     1 |     1 |     6 ||     9
         Purification      |       |       |       |       |       |       |     2 |     1 |       ||     3
         Divine Shield     |       |       |       |       |       |       |       |       |    32 ||    32
         Summon Divine War |       |       |       |       |       |       |       |       |    30 ||    30
         Cleansing Flame   |       |       |       |       |       |       |       |       |    12 ||    12
Ability: Dig               |       |       |       |     1 |     1 |     1 |     1 |       |       ||     4
         Shaft Self        |       |       |       |     1 |       |       |       |       |       ||     1
         Evoke the Staff o |       |       |       |       |       |       |       |    21 |     1 ||    22
  Evoke: Wand              |       |       |       |     5 |    19 |     3 |    15 |     2 |    15 ||    59
         Phantom mirror    |       |       |       |       |       |       |     2 |     1 |     2 ||     5
         Tin of tremorston |       |       |       |       |       |       |     2 |     2 |     4 ||     8
         Lightning rod     |       |       |       |       |       |       |       |       |     3 ||     3
    Use: Scroll            |       |       |    10 |     4 |    16 |     7 |    14 |     7 |    21 ||    79
         Potion            |       |       |       |     1 |     5 |     4 |     7 |    10 |    32 ||    59
   Stab: Distracted        |       |       |       |       |     1 |       |       |       |       ||     1
         Petrified         |       |       |       |       |     2 |    25 |       |       |       ||    27
         Petrifying        |       |       |       |       |       |     1 |       |       |       ||     1
         Paralysed         |       |       |       |       |       |       |     3 |       |       ||     3
         Sleeping          |       |       |       |       |       |       |     1 |       |       ||     1
         Confused          |       |       |       |       |       |       |       |     1 |       ||     1
 Armour: Robe              |     5 |       |    29 |    94 |    13 |       |       |       |       ||   141
         Leather armour    |     2 |     4 |       |       |   150 |       |       |       |       ||   156
         Scale mail        |       |    36 |    88 |       |       |       |       |       |       ||   124
         Acid dragon scale |       |       |       |    48 |     3 |       |       |       |       ||    51
         Ice dragon scales |       |       |       |       |   200 |   257 |   127 |    82 |       ||   666
         Gold dragon scale |       |       |       |       |       |       |       |   335 |  2439 ||  2774
  Dodge: Dodged            |     7 |    12 |    86 |   131 |   227 |   104 |    43 |    70 |   398 ||  1078

Table legend: (Time is in decaauts)
 A = Elapsed time spent in this place.
 B = Non-inter-level travel time spent in this place.
 C = Inter-level travel time spent in this place.
 D = Time resting spent in this place.
 E = Time spent auto-exploring this place.
 F = Levels seen in this place.
 G = Mean time per level.
                   A        B        C        D        E       F      G
               +--------+--------+--------+--------+--------+-----+--------+
         Total |  87855 |  80325 |   7530 |  16938 |  23453 |  93 |  944.7 |
       Dungeon |  15695 |  12854 |   2841 |   1360 |   5623 |  15 | 1046.3 |
        Temple |     98 |      4 |     94 |      0 |      0 |   1 |   98.0 |
          Lair |   7599 |   6743 |    856 |   1411 |   2520 |   5 | 1519.8 |
         Swamp |   4491 |   4174 |    317 |    824 |   1649 |   4 | 1122.8 |
   Spider Nest |   5557 |   5334 |    223 |   1464 |   2310 |   4 | 1389.2 |
    Slime Pits |   3109 |   2953 |    156 |    685 |   1242 |   5 |  621.8 |
  Orcish Mines |   2341 |   2163 |    178 |    410 |    650 |   2 | 1170.5 |
   Elven Halls |   3692 |   3462 |    230 |    580 |   1224 |   3 | 1230.7 |
        Vaults |   9876 |   8686 |   1190 |   2117 |   2841 |   5 | 1975.2 |
         Crypt |   3286 |   3024 |    262 |    573 |    882 |   3 | 1095.3 |
        Depths |   6815 |   5934 |    881 |   1405 |   1705 |   4 | 1703.8 |
          Hell |    704 |    607 |     97 |     49 |    240 |   1 |  704.0 |
           Dis |   1496 |   1496 |      0 |    569 |      0 |   6 |  249.3 |
           Zot |   7039 |   6838 |    201 |   2599 |   1007 |   5 | 1407.8 |
         Abyss |    215 |    215 |      0 |      0 |      0 |   4 |   53.8 |
   Pandemonium |  13516 |  13516 |      0 |   2231 |   1467 |  20 |  675.8 |
        Bazaar |     40 |     40 |      0 |      0 |      0 |   1 |   40.0 |
       Ossuary |    237 |    237 |      0 |      0 |      0 |   1 |  237.0 |
        Bailey |    483 |    483 |      0 |    248 |      0 |   1 |  483.0 |
      Ice Cave |    296 |    296 |      0 |    176 |      0 |   1 |  296.0 |
       Volcano |    478 |    478 |      0 |    190 |      0 |   1 |  478.0 |
      Gauntlet |    782 |    782 |      0 |     47 |     90 |   1 |  782.0 |
               +--------+--------+--------+--------+--------+-----+--------+

Top non-repeatable levels by time:
Vaults:4: 2898 daAuts
   Zot:2: 2608 daAuts
     D:9: 2175 daAuts
Vaults:1: 2104 daAuts
Depths:2: 2101 daAuts
  Lair:5: 2036 daAuts
Depths:4: 1912 daAuts
Vaults:3: 1880 daAuts
  Lair:2: 1850 daAuts
Spider:2: 1825 daAuts
    D:11: 1812 daAuts
Depths:3: 1717 daAuts
Vaults:2: 1686 daAuts
   Zot:4: 1568 daAuts
    D:15: 1556 daAuts
